Map: Jagannatha LE

Players

DANKCRAFT - Winner!

  • Race: Terran Terran
  • League: Master
  • Spawn Location: 7:00

Maritime

  • Race: Zerg Zerg
  • League: Diamond
  • Spawn Location: 1:00

VOD

Have the link to the VOD?

Description

Time

  • Played on: Nov. 27, 2020, 9 a.m.
  • Length: 15:23
Show
View Real Time Build Order
Export as new Build Order

DANKCRAFT Terran - Winner!

Build Orders: 2 Factory, Mech 

Get SALT Encoding   

  12  0:00  SCV  
  13  0:12  SCV  
  14  0:25  SCV  
  14  0:28  Refinery  
  15  0:46  Refinery  
  15  0:50  Supply Depot  
  15  1:12  SCV  
  15  1:16  Barracks  
  16  1:24  SCV  
  17  1:36  SCV  
  18  1:48  SCV  
  19  2:00  SCV  
  20  2:03  Supply Depot  
  20  2:08  Factory  
  20  2:13  SCV  
  21  2:18  Marine  
  21  2:36  Marine  
  22  2:41  SCV  
  23  2:45  Engineering Bay  
  23  2:53  SCV  
  26  2:59  Widow Mine  
  26  3:11  Planetary Fortress  
  26  3:17  Supply Depot  
  26  3:28  Factory  
  26  3:34  Factory  
  26  3:42  Factory Tech Lab  
  26  4:02  Siege Tank  
  29  4:06  SCV  
  30  4:10  Supply Depot  
  30  4:14  Factory Tech Lab  
  30  4:20  Starport  
  30  4:21  SCV  
  31  4:34  SCV  
  31  4:36  Hellion  
  34  4:46  SCV  
  34  4:49  Armory  
  35  4:56  Supply Depot x2  
  35  5:04  Starport Tech Lab  
  35  5:09  Factory Tech Lab  
  35  5:10  Hellion  
  35  5:11  Hellion  
  39  5:23  Supply Depot  
  39  5:27  Raven  
  41  5:49  Thor  
  47  6:10  Thor  
  53  6:29  Thor  
  59  6:51  Command Center  
  59  6:57  Liberator  
  62  7:07  Hellion x2  
  66  7:12  Hellion  
  68  7:30  Hellion  
  70  7:42  Infernal Pre-Igniter  
  70  8:02  Liberator  
  70  8:03  Hellion  
  75  8:39  Thor  
  75  8:40  Hellion  
  75  8:41  Hellion  
  85  9:03  Supply Depot x2  
  85  9:24  Hellion x3  
  85  9:45  Siege Tank  
  85  9:46  Hellion x2  
  90  10:07  Siege Tank  
  96  10:26  Widow Mine  
  96  10:28  Siege Tank  
  98  10:39  Siege Tank  
  101  11:00  Planetary Fortress  
  101  11:07  Supply Depot  
  101  11:08  Supply Depot  
  101  11:25  Widow Mine  
  101  11:28  Siege Tank  
  104  11:41  Liberator  
  104  11:43  SCV  
  104  11:46  Refinery  
  100  11:55  SCV  
  101  12:07  SCV  
  100  12:19  SCV  
  85  12:42  Thor  
  95  12:44  Hellion x2  
  95  12:46  SCV  
  90  13:05  Hellion x2  
  89  13:39  Thor  
  89  13:51  SCV  
  84  14:03  SCV  
  77  14:15  SCV  
  78  14:50  SCV  
Show
View Real Time Build Order
Export as new Build Order

Maritime Zerg 

Build Orders: Pool First, Lurkers, Swarm Host 

Get SALT Encoding   

  12  0:00  Drone  
  13  0:08  Drone  
  14  0:17  Overlord  
  14  0:34  Spawning Pool  
  13  0:38  Drone  
  14  0:43  Drone  
  14  0:47  Drone  
  16  0:54  Drone  
  17  1:14  Hatchery  
  16  1:22  Zergling x6  
  19  1:31  Queen  
  21  1:35  Zergling x2  
  22  1:41  Extractor  
  22  1:44  Zergling x2  
  22  2:06  Overlord  
  22  2:35  Drone x4  
  26  2:37  Queen  
  27  2:45  Drone x4  
  31  2:55  Roach Warren  
  31  2:56  Drone x2  
  32  3:00  Extractor  
  32  3:03  Drone x2  
  33  3:14  Metabolic Boost  
  33  3:24  Drone x2  
  35  3:28  Pneumatized Carapace  
  35  3:32  Overlord  
  35  3:42  Overlord x2  
  35  3:53  Drone x4  
  35  3:54  Drone x3  
  39  3:57  Spore Crawler  
  38  4:05  Spore Crawler  
  38  4:06  Drone x2  
  39  4:17  Roach x2  
  43  4:25  Drone  
  44  4:36  Drone x5  
  49  4:56  Extractor  
  48  5:00  Extractor, Spore Crawler, Drone x4  
  48  5:01  Spore Crawler, Drone x2  
  48  5:05  Lair, Spore Crawler  
  48  5:06  Spore Crawler, Drone  
  48  5:07  Drone x4  
  54  5:23  Queen  
  56  5:39  Evolution Chamber  
  56  5:40  Drone x4  
  56  5:42  Evolution Chamber, Drone  
  59  5:43  Spore Crawler  
  59  5:46  Spore Crawler  
  57  5:51  Drone x2  
  57  5:55  Overlord x3, Spore Crawler  
  58  6:13  Spine Crawler, Overlord x2  
  57  6:26  Hydralisk Den  
  56  6:45  Zerg Missile Weapons Level 1  
  56  6:46  Zerg Ground Armor Level 1  
  56  7:11  Zergling x10  
  56  7:12  Zergling x12  
  67  7:17  Hatchery  
  67  7:18  Grooved Spines  
  67  7:21  Hydralisk  
  67  7:22  Hydralisk  
  70  7:25  Infestation Pit  
  69  7:31  Roach x4  
  77  7:38  Roach x3  
  83  8:03  Roach x7  
  96  8:16  Hydralisk x2  
  96  8:18  Overlord x3  
  100  8:25  Hive  
  100  8:29  Muscular Augments  
  100  8:33  Drone x5  
  100  8:34  Drone  
  106  8:35  Lurker Den  
  105  8:42  Hydralisk  
  105  8:43  Hydralisk x3  
  113  8:51  Drone  
  113  8:52  Hatchery  
  113  8:53  Spore Crawler  
  112  8:56  Drone x3  
  112  8:59  Spine Crawler  
  112  9:02  Spine Crawler  
  113  9:08  Hydralisk x3  
  119  9:10  Zergling x4  
  119  9:14  Spine Crawler  
  119  9:15  Spine Crawler  
  119  9:22  Spine Crawler  
  94  9:52  Lurker x5  
  101  9:53  Lurker x2  
  101  10:01  Hydralisk  
  101  10:02  Hydralisk x6  
  115  10:07  Seismic Spines  
  115  10:23  Hatchery  
  114  10:33  Zergling x2  
  114  10:34  Zergling x14  
  122  10:59  Overlord x6  
  122  11:04  Adaptive Talons, Zerg Melee Weapons Level 1  
  122  11:05  Zerg Missile Weapons Level 2  
  122  11:11  Overlord x2  
  92  12:01  Burrow  
  92  12:02  Hydralisk x5  
  85  12:26  Hydralisk  
  85  12:27  Hydralisk x4  
  86  12:33  Hydralisk  
  86  12:34  Hydralisk  
  85  13:00  Swarm Host x5  
  98  13:09  Zergling x2  
  98  13:10  Zergling x6  
  98  13:17  Zergling x4  
  100  13:42  Swarm Host x4  
Tags
 
Add a new tag
Caveats
  • Supply blocks, unpowered buildings, or Contaminate may cause inaccurate times.
  • Supply counts are checked every 10 seconds.